Map: Invader LE

Players

Fropez - Winner!

  • Race: Protoss Protoss
  • League: Silver
  • Spawn Location: 5:00

knifey

  • Race: Protoss Protoss
  • League: Silver
  • Spawn Location: 7:00

VOD

Have the link to the VOD?

Description

Time

  • Played on: April 16, 2016, 6:11 p.m.
  • Length: 20:49
Show
View Real Time Build Order
Export as new Build Order

Fropez Protoss - Winner!

Build Orders:  

Get SALT Encoding   

  12  0:14  Pylon  
  12  0:17  Probe (Chrono Boost)  
  13  0:27  Probe (Chrono Boost)  
  14  0:38  Probe (Chrono Boost)  
  15  0:45  Gateway  
  15  0:50  Pylon  
  15  0:57  Probe (Chrono Boost)  
  16  1:09  Probe (Chrono Boost)  
  16  1:10  Assimilator  
  17  1:14  Pylon  
  17  1:20  Probe (Chrono Boost)  
  18  1:45  Cybernetics Core  
  18  1:46  Probe (Chrono Boost)  
  19  1:51  Pylon  
  19  1:57  Probe (Chrono Boost)  
  20  2:03  Assimilator, Zealot  
  20  2:08  Probe (Chrono Boost)  
  24  2:27  Mothership Core (Chrono Boost)  
  24  2:44  Forge  
  24  2:45  Probe (Chrono Boost)  
  25  2:56  Probe (Chrono Boost), Stalker  
  28  3:03  Warp Gate (Chrono Boost)  
  28  3:06  Probe  
  29  3:18  Probe  
  30  3:30  Probe  
  30  3:33  Stalker  
  33  3:37  Protoss Ground Weapons Level 1  
  33  3:42  Probe  
  33  3:44  Pylon  
  33  3:46  Gateway  
  34  3:54  Probe  
  34  4:10  Probe  
  35  4:22  Probe  
  35  4:23  Gateway  
  36  4:32  Pylon  
  36  4:35  Probe  
  37  4:47  Probe  
  38  4:56  Nexus  
  38  4:59  Probe  
  39  5:01  Pylon  
  39  5:05  Photon Cannon  
  39  5:11  Probe  
  40  5:20  Stalker  
  40  5:21  Stalker x2  
  44  5:23  Probe  
  47  5:35  Probe  
  48  5:43  Protoss Ground Armor Level 1  
  48  5:47  Probe  
  49  5:56  Twilight Council  
  49  5:58  Pylon  
  49  5:59  Probe  
  49  6:00  Zealot  
  49  6:03  Stalker x2  
  56  6:13  Probe  
  56  6:14  Probe  
  58  6:24  Stalker  
  60  6:27  Stalker x2  
  60  6:32  Blink  
  64  6:33  Probe  
  64  6:34  Probe  
  66  6:44  Probe  
  66  6:46  Pylon  
  68  6:54  Probe  
  68  6:59  Photon Cannon  
  68  7:00  Probe  
  68  7:06  Probe  
  70  7:10  Probe  
  69  7:17  Assimilator  
  69  7:18  Assimilator, Stalker x3  
  69  7:42  Templar Archives  
  69  7:54  Robotics Facility  
  69  8:00  Stalker x2  
  69  8:01  Stalker  
  69  8:02  Protoss Ground Weapons Level 2  
  69  8:03  Gateway  
  75  8:17  Pylon  
  75  8:23  Probe  
  75  8:24  Probe  
  75  8:26  Psionic Storm  
  77  8:31  High Templar x2  
  81  8:34  Probe  
  81  8:36  Probe  
  83  8:42  Observer  
  83  8:45  Probe  
  86  8:48  Probe  
  86  8:55  Probe  
  86  9:00  Probe  
  86  9:01  Pylon  
  88  9:11  Pylon  
  88  9:14  Probe x2  
  88  9:16  Pylon  
  90  9:19  Observer, Nexus  
  90  9:22  Pylon  
  90  9:23  Pylon  
  91  9:26  Assimilator  
  91  9:27  Photon Cannon  
  91  9:29  Assimilator  
  91  9:39  High Templar x3  
  91  9:40  Observer  
  91  9:41  Probe  
  99  9:47  Pylon  
  99  9:49  Probe  
  100  10:08  Gateway  
  100  10:11  Gateway  
  100  10:13  Gateway  
  100  10:16  Dark Shrine  
  100  10:17  Pylon, Probe  
  100  10:18  Probe  
  102  10:27  Probe  
  102  10:30  Probe  
  102  10:35  High Templar x3  
  106  10:38  Probe  
  106  10:40  Photon Cannon  
  106  10:42  Probe, Photon Cannon  
  112  10:45  Forge, Photon Cannon  
  112  10:49  Pylon  
  112  11:02  Protoss Ground Weapons Level 3  
  112  11:06  Nexus  
  112  11:09  Assimilator  
  112  11:12  Assimilator  
  112  11:14  Archon  
  112  11:15  Archon x3  
  112  11:17  Pylon  
  112  11:18  High Templar  
  112  11:19  High Templar, Pylon  
  112  11:21  Zealot x5  
  112  11:23  Pylon  
  126  11:26  Protoss Ground Armor Level 2  
  126  11:39  Probe  
  126  11:40  Probe  
  126  11:44  High Templar  
  126  11:46  Dark Templar  
  131  12:00  High Templar  
  133  12:08  Stalker x2  
  132  12:41  Stalker x5  
  132  12:42  Stalker x2  
  143  13:07  Observer  
  143  13:11  Probe  
  143  13:12  Probe x2  
  146  13:13  Probe  
  146  13:19  Photon Cannon  
  148  13:20  Photon Cannon  
  148  13:28  Observer  
  149  13:35  Photon Cannon x2  
  149  13:36  Dark Templar x5  
  149  13:37  Dark Templar x2  
  149  13:40  Protoss Shields Level 1  
  163  13:47  Photon Cannon  
  163  13:49  Photon Cannon  
  163  13:51  Pylon  
  163  13:54  Pylon  
  163  14:05  Gateway, Photon Cannon  
  163  14:08  Photon Cannon, Gateway  
  163  14:09  Pylon  
  160  14:11  Gateway  
  160  14:19  Pylon  
  160  14:22  Pylon, Zealot x4  
  160  14:23  Zealot x3  
  174  14:27  Charge (Chrono Boost)  
  174  14:43  Nexus  
  174  14:46  Pylon  
  174  14:47  Pylon  
  174  14:55  Photon Cannon  
  162  15:00  Stalker  
  162  15:01  Stalker x6  
  176  15:07  Protoss Ground Armor Level 3  
  176  15:08  Observer  
  177  15:15  Gateway  
  177  15:17  Gateway x2  
  177  15:30  Observer  
  178  15:49  Protoss Shields Level 2  
  178  15:51  Observer  
  179  16:04  Robotics Facility  
  178  16:13  Observer  
  179  16:34  Observer  
  179  16:47  Stalker x3  
  179  16:48  Stalker x6  
  179  16:49  Stalker x2  
  182  16:54  Nexus  
  182  16:55  Observer  
  159  17:03  Nexus, Dark Templar  
  159  17:04  Dark Templar  
  159  17:06  Assimilator  
  159  17:08  Assimilator  
  145  17:12  Dark Templar x2  
  145  17:13  Dark Templar x5  
  145  17:14  Dark Templar  
  159  17:16  Assimilator  
  159  17:17  Observer  
  159  17:21  Assimilator  
  160  17:24  Pylon  
  160  17:26  Pylon  
  156  17:34  Pylon  
  156  17:36  Pylon  
  148  17:38  Observer  
  148  17:40  Pylon  
  115  17:45  Dark Templar  
  115  17:46  Dark Templar x5  
  115  17:49  Zealot x6  
  115  17:50  Zealot  
  95  18:01  Archon x3  
  95  18:02  Archon  
  95  18:04  Stalker x3  
  95  18:05  Stalker x7  
  109  18:06  Stalker x2  
  115  18:15  Probe x3  
  115  18:16  Probe x2  
  115  18:17  Probe  
  121  18:26  Nexus  
  121  18:30  Gateway  
  121  18:32  Gateway  
  121  18:34  Gateway  
  121  18:39  Stalker x4  
  121  18:40  Stalker x4  
  137  18:42  Pylon  
  137  18:43  Pylon  
  133  19:10  Zealot x5  
  133  19:11  Zealot x3  
  149  19:25  Probe x2  
  149  19:26  Probe  
  149  19:27  Probe  
  153  19:57  Probe  
  154  20:05  Stargate  
  154  20:08  Stargate  
  154  20:09  Stargate  
  154  20:12  Stargate x2  
  154  20:13  Stargate  
  146  20:14  Pylon  
  146  20:17  Pylon  
  142  20:23  Cybernetics Core  
  142  20:25  Cybernetics Core  
  142  20:31  Pylon  
  142  20:33  Pylon  
  142  20:36  Pylon  
Show
View Real Time Build Order
Export as new Build Order

knifey Protoss 

Build Orders: Phoenix Opening 

Get SALT Encoding   

  12  0:01  Probe (Chrono Boost)  
  13  0:17  Pylon  
  13  0:20  Probe (Chrono Boost)  
  14  0:35  Gateway  
  14  0:40  Assimilator  
  15  0:43  Probe (Chrono Boost)  
  15  0:53  Probe (Chrono Boost)  
  16  1:05  Probe (Chrono Boost)  
  17  1:16  Probe (Chrono Boost)  
  18  1:25  Cybernetics Core  
  18  1:26  Probe (Chrono Boost)  
  19  1:35  Assimilator  
  19  1:37  Probe (Chrono Boost)  
  19  1:38  Pylon  
  20  1:44  Zealot  
  22  1:47  Probe (Chrono Boost)  
  23  1:58  Probe (Chrono Boost)  
  24  2:04  Warp Gate (Chrono Boost)  
  24  2:11  Stalker (Chrono Boost)  
  26  2:31  Stargate  
  26  2:50  Stalker  
  28  2:53  Nexus  
  28  2:56  Pylon  
  28  3:16  Phoenix (Chrono Boost)  
  30  3:34  Forge  
  30  3:38  Phoenix (Chrono Boost)  
  30  3:39  Robotics Facility  
  32  3:47  Zealot (Chrono Boost)  
  34  3:57  Mothership Core (Chrono Boost)  
  34  4:16  Photon Cannon  
  34  4:20  Pylon  
  32  4:40  Probe x2 (Chrono Boost)  
  34  4:47  Immortal  
  34  4:49  Phoenix  
  40  4:57  Stalker  
  42  5:10  Gateway x2  
  42  5:15  Gateway  
  42  5:26  Phoenix  
  44  5:40  Photon Cannon  
  44  5:53  Photon Cannon  
  44  5:54  Probe x2 (Chrono Boost)  
  44  5:56  Photon Cannon  
  46  6:03  Pylon  
  46  6:05  Probe x2 (Chrono Boost)  
  46  6:36  Probe x2 (Chrono Boost)  
  46  6:37  Stalker  
  46  6:38  Stalker x2  
  54  6:46  Probe x2 (Chrono Boost)  
  56  6:50  Immortal  
  60  7:15  Void Ray  
  64  7:32  Immortal  
  64  7:35  Probe (Chrono Boost), Protoss Ground Armor Level 1 (Chrono Boost)  
  69  7:37  Probe  
  70  7:46  Assimilator  
  70  7:48  Assimilator  
  70  7:57  Pylon  
  70  8:00  Pylon  
  70  8:06  Pylon  
  70  8:14  Probe (Chrono Boost)  
  70  8:15  Void Ray, Probe (Chrono Boost)  
  76  8:26  Probe (Chrono Boost)  
  77  8:54  Immortal  
  81  8:58  Void Ray  
  85  9:10  Robotics Facility  
  85  9:11  Gateway  
  85  9:16  Photon Cannon x2  
  85  9:19  Photon Cannon  
  81  9:33  Immortal  
  81  9:35  Stalker  
  81  9:36  Stalker x2  
  91  9:41  Sentry  
  93  10:27  Nexus  
  93  10:29  Assimilator  
  93  10:32  Pylon  
  93  10:43  Pylon  
  93  10:45  Pylon  
  93  10:50  Void Ray, Immortal  
  101  11:01  Pylon, Immortal  
  105  11:29  Observer  
  105  11:30  Probe x2 (Chrono Boost)  
  105  11:32  Void Ray  
  112  11:40  Warp Prism, Probe x2 (Chrono Boost)  
  116  12:09  Probe (Chrono Boost)  
  116  12:10  Probe x2 (Chrono Boost)  
  119  12:20  Probe (Chrono Boost)  
  120  12:28  Immortal  
  120  12:29  Void Ray, Immortal  
  132  12:36  Pylon  
  132  12:42  Pylon  
  132  12:47  Pylon  
  132  12:49  Stalker x2  
  132  12:50  Stalker x2  
  140  12:57  Pylon  
  140  12:58  Pylon  
  140  12:59  Pylon  
  140  13:03  Gateway  
  140  13:04  Probe x3 (Chrono Boost)  
  140  13:05  Gateway  
  143  13:07  Gateway  
  143  13:12  Void Ray  
  147  13:15  Probe x2 (Chrono Boost)  
  147  13:18  Stalker x3  
  155  13:25  Probe x3 (Chrono Boost)  
  158  14:00  Immortal x2  
  158  14:01  Void Ray  
  170  14:05  Stalker x3  
  176  14:35  Assimilator  
  176  14:39  Observer  
  176  14:40  Observer  
  158  15:04  Immortal  
  158  15:06  Observer  
  163  15:07  Void Ray  
  167  15:28  Immortal  
  171  15:33  Nexus  
  171  15:39  Pylon  
  171  15:44  Pylon  
  171  15:54  Pylon  
  171  16:07  Nexus  
  171  16:12  Void Ray  
  175  16:26  Immortal  
  179  16:40  Stalker  
  157  17:16  Stalker x2  
  157  17:17  Stalker  
  157  17:18  Stalker  
  146  17:41  Stalker  
  55  18:01  Immortal x2  
  55  18:02  Void Ray  
  57  18:06  Stalker  
  55  18:40  Immortal x2, Stalker  
  55  18:41  Stalker x5  
  69  18:42  Stalker  
  69  18:45  Void Ray  
  81  19:00  Stalker  
  77  19:13  Stalker x3  
  83  19:19  Immortal  
  83  19:23  Observer  
  88  19:28  Void Ray  
  88  19:29  Stalker x3  
  88  19:30  Sentry  
  88  19:31  Sentry  
  102  19:46  Immortal  
  106  19:56  Stalker  
  106  19:58  Zealot x2  
  112  20:00  Sentry, Stalker  
  112  20:01  Stalker  
  87  20:19  Stalker  
  87  20:20  Stalker x3  
Tags
 
Matchup
PvP
Replay Pack
All Mines
Spawn Locations
Close Positions
Add a new tag
Caveats
  • Supply blocks, unpowered buildings, or Contaminate may cause inaccurate times.
  • Supply counts are checked every 10 seconds.